 Dungeon Crawl Stone Soup version 0.26-a0-284-g73c0fb6129 (webtiles) character file.

Game seed: 11703529368692343278

3 Notrik the Sneak (level 1, 0/16 HPs)
             Began as a Demonspawn Brigand on July 12, 2020.
             Slain by a jackal (2 damage)
             ... on level 1 of the Dungeon.
             The game lasted 00:00:34 (170 turns).

Notrik the Sneak (Demonspawn Brigand)                Turns: 170, Time: 00:00:35

Health: 0/16       AC:  3    Str: 11    XL:     1   Next: 41%
Magic:  1/1        EV: 11    Int: 12    God:
Gold:   26         SH:  0    Dex: 14    Spells: 0/0 levels left

rFire    . . .     SeeInvis .   a - +2 dagger
rCold    . . .     Faith    .   (no shield)
rNeg     . . .     Spirit   .   b - +0 robe
rPois    .         Reflect  .   (no helmet)
rElec    .         Harm     .   c - +0 cloak
rCorr    .                      (no gloves)
MR       .....                  (no boots)
Stlth    ++........             (no amulet)
HPRegen  0.05/turn              (no ring)
MPRegen  0.07/turn              (no ring)

@: no status effects
A: no striking features
a: no special abilities


You were on level 1 of the Dungeon.
You visited 1 branch of the dungeon, and saw 1 of its levels.

You collected 26 gold pieces.

Inventory:

Hand Weapons
 a - a +2 dagger (weapon)
Missiles
 d - 8 poisoned darts (quivered)
 e - 2 curare-tipped darts {!f}
Armour
 b - a +0 robe (worn)
 c - a +0 cloak (worn)


   Skills:
 + Level 2.1 Fighting
 - Level 1.7 Short Blades
 + Level 1.9 Throwing
 - Level 0.8 Dodging
 - Level 3.6 Stealth


You couldn't memorise any spells.
You didn't know any spells.
Your spell library was empty.

Dungeon Overview and Level Annotations

Branches:
Dungeon (1/15)

Altars:


Message History

The rat closely misses you. The jackal bites you.
You hit the jackal. The jackal bites you.
* * * LOW HITPOINT WARNING * * *
The jackal bites you but does no damage.
The rat bites you but does no damage. The jackal barely misses you.
The jackal misses you.
A rat comes into view.
The jackal barely misses you.
You closely miss the jackal. The jackal barely misses you.
You barely miss the jackal. The jackal closely misses you.
You hit the jackal. The jackal closely misses you.
The jackal bites you but does no damage.
You closely miss the jackal. The jackal bites you.
* * * LOW HITPOINT WARNING * * *
You hit the jackal.
You kill the jackal!
You hit the ball python.
You kill the ball python!
You hit the giant cockroach but do no damage.
The giant cockroach closely misses you.
You closely miss the giant cockroach. The giant cockroach barely misses you.
You barely miss the giant cockroach. The giant cockroach barely misses you.
You hit the giant cockroach.
The giant cockroach bites you but does no damage.
You hit the giant cockroach but do no damage.
The giant cockroach bites you.
* * * LOW HITPOINT WARNING * * *
A goblin comes into view. It is wielding a +0 club.
The giant cockroach barely misses you.
You barely miss the giant cockroach. The giant cockroach barely misses you.
You hit the giant cockroach. The giant cockroach misses you.
You hit the giant cockroach but do no damage.
The giant cockroach waves its antennae.
The giant cockroach bites you but does no damage.
You barely miss the giant cockroach.
The giant cockroach bites you but does no damage.
You closely miss the giant cockroach. The giant cockroach barely misses you.
The giant cockroach bites you.
* * * LOW HITPOINT WARNING * * *
You barely miss the giant cockroach. The giant cockroach barely misses you.
You hit the giant cockroach.
The giant cockroach bites you but does no damage.
You hit the giant cockroach but do no damage.
The giant cockroach bites you.
* * * LOW HITPOINT WARNING * * *
The giant cockroach bites you but does no damage.
The giant cockroach bites you but does no damage.
The giant cockroach closely misses you. The jackal bites you.
You die...

# #.#.####.# # #.#.# #.# #
#.#.# #.# ##### #.#.# #.#
....# #.#.# #.# ....# #...#
#.# ....# #.######.###
##################..........#
................@hs.lhr...#.#
###########################.#
#l# #r# ) #h###.. #ww..h#
#.#..#w #.#.#l# #.g$#..


You could see 2 jackals, a giant cockroach, a frilled lizard and a rat.

Vanquished Creatures
  A jackal (D:1)
  A kobold (D:1)
  A ball python (D:1)
3 creatures vanquished.

Notes
Turn   | Place    | Note
-------+----------+-------------------------------------------
     0 | D:1      | Notrik the Demonspawn Brigand began the quest for the Orb.
     0 | D:1      | Reached XP level 1. HP: 16/16 MP: 1/1
   170 | D:1      | Slain by a jackal

Illustrated notes

Levels and vault maps discovered:
D:1:      minmay_arrival_semitransparent, layout_basic, minmay_circled_x

Action                   || total
-------------------------++-------
Melee: Dagger            ||    26
 Stab: Sleeping          ||     1
Armor: Robe              ||    14
Dodge: Dodged            ||    16

Table legend:
 A = Non-vault XP
 B = Vault XP
 C = Vault XP percentage of total XP
 D = Non-vault monster count
 E = Vault monster count
 F = Vault count percentage of total count
                 A         B        C        D         E       F
            +---------+---------+-------+---------+---------+-------
      Total |       5 |       0 |   0.0 |       3 |       0 |   0.0
            +---------+---------+-------+---------+---------+-------
        D:1 |       5 |       0 |   0.0 |       3 |       0 |   0.0
            +---------+---------+-------+---------+---------+-------
